cohdb
Replays
Latest Replays
All Replays
Popular Replays
Top Player Replays
Match Explorer
How It Works
Community
CoH3 Stats
Reddit
Sign in to upload your games and track your stats! →
Sign in with Steam
Match 46105529
Unlisted
Match 46105529
Overview
Messages
Build Orders
End
Kettenkrad Recon Vehicle
Construct Infanterie Kompanie
Grenadier Squad
Grenadier Squad
Grenadier Squad
Infanterie Officer Quarters
MG 42 Machine Gun Team
Construct Luftwaffe Kompanie
221 Scout Car
Selects Mechanized Battlegroup
Selects Raid Package
Selects Mobile Repair Stations
Jäger Squad
Support Elements
Construct Panzergrenadier Kompanie
Panzergrenadier Squad
Zce
fris85
Mister Snowballs
Don Pitudo
Technician_160
✪ saber
0
0
Comments
sign in to comment!
No comments posted yet!